WCHLSIM.com - West Coast Hockey League
html PUBLIC "-//W3C//DTD XHTML 1.0 Transitional//EN" "http://www.w3.org/TR/xhtml1/DTD/xhtml1-transitional.dtd"> WCHL - Game 348 - LAS VEGAS LIZARD KINGS vs EDMONTON ICE

LAS VEGAS LIZARD KINGS vs EDMONTON ICE

Created - 29 novembre 2022 at 22:36

Goals
1 2 3 T
LAS VEGAS LIZARD KINGS 0 1 0 1
EDMONTON ICE 2 0 3 5
Shots
1 2 3 T
LAS VEGAS LIZARD KINGS 9 7 6 22
EDMONTON ICE 13 7 10 30

1st period

1. EDMONTON ICE , Timo Meier 20 (Joel Eriksson Ek 24) at 3:19
2. EDMONTON ICE , Anthony Mantha 12 (Anton Lundell 12, Shea Theodore 13) at 7:29

Penalties :
Matt Roy (LVG) for Hooking (Minor) at 7:34

2nd period

3. LAS VEGAS LIZARD KINGS , Zemgus Girgensons 4 (Drake Caggiula 2) at 6:21

Penalties :
Matthew Nieto (LVG) for Hooking (Minor) at 4:08, John Marino (LVG) for Holding (Minor) at 12:37

3rd period

4. EDMONTON ICE , Timo Meier 21 (Scott Laughton 6, Joel Eriksson Ek 25) at 1:37
5. EDMONTON ICE , Joel Eriksson Ek 13 (Scott Laughton 7, Timo Meier 18) at 5:16
6. EDMONTON ICE , Jordan Spence 1 (Joel Eriksson Ek 26, Timo Meier 19) at 14:33 (PP)

Penalties :
Jonas Brodin (EDM) for Interference (Minor) at 9:31, Evan Rodrigues (LVG) for Tripping (Minor) at 13:45, Brayden McNabb (LVG) for Interference (Minor) at 16:47

Goalie Stats

Mikko Koskinen (LVG), 25 saves from 30 shots - (0,833), L, 8-5-3, 60:00 minutes
Alex Nedeljkovic (EDM), 21 saves from 22 shots - (0,955), W, 8-2-1, 60:00 minutes

Players Stats for LAS VEGAS LIZARD KINGS

Player Name              G  A  P  +/- PIM S  H  SB GA TA FO     MP     PP MP  PK MP  
------------------------------------------------------------------------------------
Brandon Hagel            0  0  0   0  0   0  0  0  0  0  1/1    17:26   0:00   4:38 
Brayden McNabb           0  0  0  -2  2   0  6  0  0  0  0/0    23:28   0:00   4:01 
Drake Caggiula           0  1  1  -1  0   0  0  0  0  0  0/0     3:32   0:00   0:00 
Dylan Gambrell           0  0  0  -1  0   0  0  0  0  0  0/0     3:32   0:00   0:00 
Evan Rodrigues           0  0  0   0  2   1  0  0  0  0  3/6    20:42   1:06   4:27 
Jack Johnson             0  0  0   0  0   0  2  0  0  0  0/0    14:29   0:00   1:16 
Jeff Carter              0  0  0  -2  0   3  0  1  0  0  14/23  22:50   1:06   3:57 
John Klingberg           0  0  0  -2  0   1  0  1  0  0  0/0    24:29   0:53   4:08 
John Marino              0  0  0  -1  2   0  1  1  0  0  0/0    20:49   1:06   3:08 
Johnny Gaudreau          0  0  0  -2  0   5  1  0  0  0  0/0    18:40   0:53   0:00 
Matt Roy                 0  0  0   0  2   1  0  0  0  0  0/0    15:40   1:06   0:37 
Matthew Nieto            0  0  0   0  2   1  0  0  0  0  0/1    12:47   0:00   0:00 
Nick Leddy               0  0  0  -1  0   0  0  0  0  0  0/0    21:02   0:53   4:18 
Nino Niederreiter        0  0  0   0  0   4  3  0  0  0  0/1    16:32   0:53   0:29 
Ryan Nugent-Hopkins      0  0  0   0  0   2  1  0  0  0  12/19  16:03   0:53   0:00 
Sean Monahan             0  0  0   0  0   1  1  0  0  0  4/8    13:08   0:00   0:20 
Victor Olofsson          0  0  0  -2  0   1  1  0  0  0  0/2    18:53   1:06   0:00 
Zemgus Girgensons        1  0  1  -1  0   2  0  0  0  0  5/6     7:09   0:00   3:37 

Players Stats for EDMONTON ICE

Player Name              G  A  P  +/- PIM S  H  SB GA TA FO     MP     PP MP  PK MP  
------------------------------------------------------------------------------------
Andy Greene              0  0  0  -1  0   0  0  2  0  0  0/0    14:15   0:00   0:39 
Anthony Mantha           1  0  1   1  0   2  0  0  0  0  1/1    19:39   4:31   0:00 
Anton Lundell            0  1  1   1  0   5  0  0  0  0  5/16   18:41   4:13   0:00 
Austin Watson            0  0  0  -1  0   1  0  0  0  0  1/1    11:42   0:00   0:25 
Jack Eichel              0  0  0  -1  0   5  0  2  0  0  7/18   21:08   4:13   0:00 
Joel Eriksson Ek         1  3  4   3  0   2  0  0  0  0  13/26  21:45   4:31   0:00 
Jonas Brodin             0  0  0   0  2   1  1  0  0  0  0/0    23:18   5:47   0:00 
Joonas Donskoi           0  0  0  -1  0   1  0  0  0  0  0/0    12:37   0:00   1:20 
Jordan Spence            1  0  1   0  0   1  2  1  0  0  0/0    21:17   3:45   0:00 
Joshua Mahura            0  0  0   0  0   0  2  1  0  0  0/0    17:32   0:00   1:20 
Kieffer Bellows          0  0  0   0  0   1  0  0  0  0  0/0     6:18   0:00   0:00 
Nicholas Boka            0  0  0   0  0   0  0  0  0  0  0/0     0:00   0:00   0:00 
Ryan Carpenter           0  0  0   0  0   0  0  0  0  0  0/0     6:18   0:00   0:00 
Scott Laughton           0  2  2   3  0   1  0  0  0  0  0/2    18:37   0:00   1:23 
Shea Theodore            0  1  1   4  0   1  1  3  0  0  0/0    23:41   4:59   0:39 
Tanner Jeannot           0  0  0   1  0   1  4  0  0  0  0/2    18:41   4:13   0:00 
Timo Meier               2  2  4   3  0   8  0  0  0  0  1/1    22:35   4:31   0:50 
Zach Whitecloud          0  0  0   3  0   0  0  2  0  0  0/0    19:56   2:57   1:20 

3 Stars

1 - Timo Meier (EDM)
2 - Joel Eriksson Ek (EDM)
3 - Shea Theodore (EDM)

Power Play

LAS VEGAS LIZARD KINGS - 0 on 1 Attempt(s) - 0,00%
EDMONTON ICE - 1 on 5 Attempt(s) - 20,00%

Penalty Kill

LAS VEGAS LIZARD KINGS - 4 on 5 Attempt(s) - 80,00% - Score 0 goal in Penalty Kill
EDMONTON ICE - 1 on 1 Attempt(s) - 100,00% - Score 0 goal in Penalty Kill

Team Stat

LAS VEGAS LIZARD KINGS - Hits : 16 - Faceoff Wins : 39 - Blocked Shots : 3 - Penalty Minutes : 10
EDMONTON ICE - Hits : 10 - Faceoff Wins : 28 - Blocked Shots : 11 - Penalty Minutes : 2

Official

Referees : Pierre Lambert and Stephen Hiff
Linesman : Michel Cormier and Andrew Smith

Game Notes

No Game Note

Finance

Level 1 -- Attendance: 4539 (75,65%) -- Ticket Income 953 190 $
Level 2 -- Attendance: 4185 (83,70%) -- Ticket Income 585 900 $
Level 3 -- Attendance: 1612 (80,60%) -- Ticket Income 177 320 $
Level 4 -- Attendance: 2915 (48,58%) -- Ticket Income 247 775 $
Luxury Box -- Attendance: 735 (73,50%) -- Ticket Income 275 625 $
Total Attendance: 13986 (69,93%)
Total Ticket Income: 2 239 810 $
Other Expense: 22 398 $
Total Income: 2 217 412 $

LAS VEGAS LIZARD KINGS

5 vs 5 Forward 
   Center                   Left Wing                Right Wing               Time % Phy DF OF 
 1 Jeff Carter              Johnny Gaudreau          Victor Olofsson          37     0   1  4  
 2 Ryan Nugent-Hopkins      Evan Rodrigues           Nino Niederreiter        30     0   2  3  
 3 Sean Monahan             Brandon Hagel            Matthew Nieto            25     1   3  1  
 4 Zemgus Girgensons        Drake Caggiula           Dylan Gambrell           8      1   2  2  

5 vs 5 Defense 
   Defense                  Defense                                           Time % Phy DF OF 
 1 Brayden McNabb           John Klingberg                                    40     1   2  2  
 2 John Marino              Nick Leddy                                        35     0   2  3  
 3 Matt Roy                 Jack Johnson                                      25     1   2  2  
 4 Brayden McNabb           John Klingberg                                    0      1   2  2  

PowerPlay Forward 
   Center                   Left Wing                Right Wing               Time % Phy DF OF 
 1 Ryan Nugent-Hopkins      Johnny Gaudreau          Nino Niederreiter        60     1   2  2  
 2 Jeff Carter              Evan Rodrigues           Victor Olofsson          40     1   2  2  

PowerPlay Defense
   Defense                  Defense                                           Time % Phy DF OF 
 1 Nick Leddy               John Klingberg                                    60     1   2  2  
 2 John Marino              Matt Roy                                          40     1   2  2  

Penalty Kill 4 Players Forward 
   Center                   Wing                     Time % Phy DF OF 
 1 Evan Rodrigues           Brandon Hagel            55     0   5  0  
 2 Jeff Carter              Zemgus Girgensons        45     0   5  0  

Penalty Kill 4 Players Defense
   Defense                  Defense                  Time % Phy DF OF 
 1 Brayden McNabb           John Klingberg           55     0   5  0  
 2 Nick Leddy               John Marino              45     0   5  0  

Penalty Kill - 3 Players Forward 
   Forward                                           Time % Phy DF OF 
 1 Evan Rodrigues                                    55     0   5  0  
 2 Zemgus Girgensons                                 45     0   5  0  

Penalty Kill - 3 Players Defense
   Defense                  Defense                  Time % Phy DF OF 
 1 John Marino              Jack Johnson             55     0   3  2  
 2 Nick Leddy               Brayden McNabb           45     0   5  0  

4 vs 4 Forward 
   Center                   Wing                     Time % Phy DF OF 
 1 Ryan Nugent-Hopkins      Johnny Gaudreau          55     1   2  2  
 2 Jeff Carter              Nino Niederreiter        45     1   2  2  

4 vs 4 Defense
   Defense                  Defense                  Time % Phy DF OF 
 1 Brayden McNabb           John Klingberg           55     1   2  2  
 2 Nick Leddy               John Marino              45     1   2  2  

Last Minutes Offensive
   Center                   Left Wing                Right Wing               Defense                  Defense                  
   Ryan Nugent-Hopkins      Johnny Gaudreau          Nino Niederreiter        Nick Leddy               John Klingberg           

Last Minutes Defensive
   Center                   Left Wing                Right Wing               Defense                  Defense                  
   Evan Rodrigues           Johnny Gaudreau          Nino Niederreiter        Brayden McNabb           Matt Roy                 

Goaltenders
Starting : Mikko Koskinen           
Backup : Spencer Knight           

Extra Forwards
Normal : Victor Olofsson, Brandon Hagel, Sean Monahan - PP : Evan Rodrigues, Brandon Hagel - PK : Sean Monahan
Extra Defensemen
Normal : John Marino, Jack Johnson, Nick Leddy - PP : John Marino - PK : Jack Johnson, Nick Leddy
Penalty Shots
Johnny Gaudreau, Ryan Nugent-Hopkins, Victor Olofsson, Jeff Carter, Brandon Hagel
Custom OT Lines Forwards
Johnny Gaudreau, Ryan Nugent-Hopkins, Jeff Carter, Nino Niederreiter, Evan Rodrigues, Brandon Hagel, Victor Olofsson, Sean Monahan, Zemgus Girgensons, Matthew Nieto
Custom OT Lines Defensemen
Brayden McNabb, John Klingberg, Nick Leddy, Matt Roy, John Marino

Scratches
None

EDMONTON ICE

5 vs 5 Forward 
   Center                   Left Wing                Right Wing               Time % Phy DF OF 
 1 Joel Eriksson Ek         Scott Laughton           Timo Meier               38     0   2  3  
 2 Anton Lundell            Tanner Jeannot           Anthony Mantha           36     1   2  2  
 3 Jack Eichel              Austin Watson            Joonas Donskoi           22     1   3  1  
 4 Jack Eichel              Kieffer Bellows          Ryan Carpenter           4      1   4  0  

5 vs 5 Defense 
   Defense                  Defense                                           Time % Phy DF OF 
 1 Shea Theodore            Zach Whitecloud                                   36     1   2  2  
 2 Jonas Brodin             Jordan Spence                                     34     0   3  2  
 3 Joshua Mahura            Andy Greene                                       24     1   3  1  
 4 Shea Theodore            Joshua Mahura                                     6      0   4  1  

PowerPlay Forward 
   Center                   Left Wing                Right Wing               Time % Phy DF OF 
 1 Joel Eriksson Ek         Timo Meier               Anthony Mantha           55     0   1  4  
 2 Jack Eichel              Anton Lundell            Tanner Jeannot           45     0   2  3  

PowerPlay Defense
   Defense                  Defense                                           Time % Phy DF OF 
 1 Shea Theodore            Jonas Brodin                                      55     0   2  3  
 2 Zach Whitecloud          Jordan Spence                                     45     1   2  2  

Penalty Kill 4 Players Forward 
   Center                   Wing                     Time % Phy DF OF 
 1 Scott Laughton           Joonas Donskoi           57     0   4  1  
 2 Ryan Carpenter           Austin Watson            43     0   4  1  

Penalty Kill 4 Players Defense
   Defense                  Defense                  Time % Phy DF OF 
 1 Jonas Brodin             Andy Greene              57     0   5  0  
 2 Zach Whitecloud          Joshua Mahura            43     0   5  0  

Penalty Kill - 3 Players Forward 
   Forward                                           Time % Phy DF OF 
 1 Anton Lundell                                     55     0   5  0  
 2 Ryan Carpenter                                    45     0   5  0  

Penalty Kill - 3 Players Defense
   Defense                  Defense                  Time % Phy DF OF 
 1 Zach Whitecloud          Andy Greene              55     0   5  0  
 2 Jonas Brodin             Joshua Mahura            45     0   5  0  

4 vs 4 Forward 
   Center                   Wing                     Time % Phy DF OF 
 1 Anton Lundell            Timo Meier               55     1   2  2  
 2 Joel Eriksson Ek         Kieffer Bellows          45     1   2  2  

4 vs 4 Defense
   Defense                  Defense                  Time % Phy DF OF 
 1 Shea Theodore            Zach Whitecloud          55     1   2  2  
 2 Jordan Spence            Jonas Brodin             45     1   2  2  

Last Minutes Offensive
   Center                   Left Wing                Right Wing               Defense                  Defense                  
   Joel Eriksson Ek         Timo Meier               Anthony Mantha           Shea Theodore            Jonas Brodin             

Last Minutes Defensive
   Center                   Left Wing                Right Wing               Defense                  Defense                  
   Joel Eriksson Ek         Anton Lundell            Tanner Jeannot           Zach Whitecloud          Jonas Brodin             

Goaltenders
Starting : Alex Nedeljkovic         
Backup : Jonathan Quick           

Extra Forwards
Normal : Anton Lundell, Jack Eichel, Anthony Mantha - PP : Scott Laughton, Anton Lundell - PK : Timo Meier
Extra Defensemen
Normal : Shea Theodore, Jordan Spence, Zach Whitecloud - PP : Jordan Spence - PK : Shea Theodore, Joshua Mahura
Penalty Shots
Timo Meier, Jack Eichel, Anton Lundell, Anthony Mantha, Joel Eriksson Ek
Custom OT Lines Forwards
Timo Meier, Joel Eriksson Ek, Anton Lundell, Anthony Mantha, Jack Eichel, Scott Laughton, Tanner Jeannot, Joonas Donskoi, Ryan Carpenter, Austin Watson
Custom OT Lines Defensemen
Shea Theodore, Jonas Brodin, Jordan Spence, Zach Whitecloud, Joshua Mahura

Scratches
Thomas Novak (Right Hand Injury), Michael Matheson (Fractured Metatarsal (Left Foot) Injury), Ryan Graves (Bruised Left Foot Injury), Scott Wedgewood (Healthy)

% Time on Ice - LAS VEGAS LIZARD KINGS

Lines # - Real PCT - Wanted PCT - Time Play
Normal Forward
1 - 36% - 37% - 17:47
2 - 31% - 30% - 15:10
3 - 26% - 25% - 12:48
4 - 7% - 8% - 3:32
Normal Defense
1 - 39% - 40% - 19:03
2 - 32% - 35% - 15:51
3 - 28% - 25% - 13:58
4 - 1% - 0% - 0:25
PP Forward
1 - 45% - 60% - 0:53
2 - 55% - 40% - 1:06
PP Defense
1 - 45% - 60% - 0:53
2 - 55% - 40% - 1:06
PK Forward
1 - 59% - 55% - 5:07
2 - 41% - 45% - 3:37
PK Defense
1 - 47% - 55% - 4:04
2 - 53% - 45% - 4:40
PK3 Forward
1 - 0% - 55%
2 - 0% - 45%
PK3 Defense
1 - 0% - 55%
2 - 0% - 45%
44 Forward
1 - 0% - 55%
2 - 0% - 45%
44 Defense
1 - 0% - 55%
2 - 0% - 45%
Last Minute Offensive  - 0:00
Last Minute Defensive  - 0:00
Total
Forward - 60:00
Defense - 60:00

% Time on Ice - EDMONTON ICE

Lines # - Real PCT - Wanted PCT - Time Play
Normal Forward
1 - 35% - 38% - 17:14
2 - 29% - 36% - 14:28
3 - 23% - 22% - 11:17
4 - 13% - 4% - 6:18
Normal Defense
1 - 34% - 36% - 16:38
2 - 36% - 34% - 17:32
3 - 26% - 24% - 12:37
4 - 5% - 6% - 2:30
PP Forward
1 - 52% - 55% - 4:31
2 - 48% - 45% - 4:13
PP Defense
1 - 66% - 55% - 5:47
2 - 34% - 45% - 2:57
PK Forward
1 - 100% - 57% - 1:59
2 - 0% - 43% - 0:00
PK Defense
1 - 21% - 57% - 0:25
2 - 79% - 43% - 1:34
PK3 Forward
1 - 0% - 55%
2 - 0% - 45%
PK3 Defense
1 - 0% - 55%
2 - 0% - 45%
44 Forward
1 - 0% - 55%
2 - 0% - 45%
44 Defense
1 - 0% - 55%
2 - 0% - 45%
Last Minute Offensive  - 0:00
Last Minute Defensive  - 0:00
Total
Forward - 60:00
Defense - 60:00

Play-by-Play

1st period


0:01 of 1st period - Jeff Carter wins face-off versus Joel Eriksson Ek in neutral zone.
1:13 of 1st period - Off-side.
1:14 of 1st period - Ryan Nugent-Hopkins wins face-off versus Jack Eichel in neutral zone.
1:35 of 1st period - Shot by Austin Watson.
1:35 of 1st period - Shot Misses the Net.
1:37 of 1st period - Shot by Andy Greene.
1:37 of 1st period - Shot Misses the Net.
1:39 of 1st period - Shot by Jack Eichel.
1:39 of 1st period - Stopped by Mikko Koskinen without a rebound.
1:40 of 1st period - Anthony Mantha wins face-off versus Sean Monahan in LAS VEGAS LIZARD KINGS zone.
2:50 of 1st period - Shot by Jack Eichel.
2:50 of 1st period - Shot Misses the Net.
2:52 of 1st period - Shot by Austin Watson.
2:52 of 1st period - Shot Blocked by John Marino.
2:54 of 1st period - Shot by Jack Eichel.
2:54 of 1st period - Stopped by Mikko Koskinen without a rebound.
2:55 of 1st period - Zemgus Girgensons wins face-off versus Joel Eriksson Ek in LAS VEGAS LIZARD KINGS zone.
2:57 of 1st period - Icing by Brayden McNabb.
2:58 of 1st period - Zemgus Girgensons wins face-off versus Joel Eriksson Ek in LAS VEGAS LIZARD KINGS zone.
3:19 of 1st period - Shot by Joel Eriksson Ek.
3:19 of 1st period - Deflect By Timo Meier.
3:19 of 1st period - Goal by Timo Meier - LAS VEGAS LIZARD KINGS : 0 - EDMONTON ICE : 1.
3:20 of 1st period - Ryan Nugent-Hopkins wins face-off versus Jack Eichel in neutral zone.
4:28 of 1st period - Shot by Jeff Carter.
4:28 of 1st period - Stopped by Alex Nedeljkovic without a rebound.
4:29 of 1st period - Sean Monahan wins face-off versus Tanner Jeannot in EDMONTON ICE zone.
4:29 of 1st period - Sean Monahan is hit by Joshua Mahura.
4:43 of 1st period - Icing by Andy Greene.
4:44 of 1st period - Jeff Carter wins face-off versus Anton Lundell in EDMONTON ICE zone.
4:53 of 1st period - Shot by Johnny Gaudreau.
4:53 of 1st period - Deflect By Victor Olofsson.
4:53 of 1st period - Stopped by Alex Nedeljkovic without a rebound.
4:54 of 1st period - Brandon Hagel wins face-off versus Joel Eriksson Ek in EDMONTON ICE zone.
5:58 of 1st period - Shot by Johnny Gaudreau.
5:58 of 1st period - Shot Blocked by Joshua Mahura.
6:00 of 1st period - Shot by Johnny Gaudreau.
6:00 of 1st period - Stopped by Alex Nedeljkovic with a rebound.
7:06 of 1st period - Shot by Nino Niederreiter.
7:06 of 1st period - Stopped by Alex Nedeljkovic without a rebound.
7:07 of 1st period - Zemgus Girgensons wins face-off versus Anton Lundell in EDMONTON ICE zone.
7:29 of 1st period - Shot by Anthony Mantha.
7:29 of 1st period - Goal by Anthony Mantha - LAS VEGAS LIZARD KINGS : 0 - EDMONTON ICE : 2.
7:30 of 1st period - Joel Eriksson Ek wins face-off versus Nino Niederreiter in neutral zone.
7:34 of 1st period - Minor Penalty to Matt Roy for Hooking.
7:35 of 1st period - Joel Eriksson Ek wins face-off versus Evan Rodrigues in LAS VEGAS LIZARD KINGS zone.
8:17 of 1st period - Shot by Timo Meier.
8:17 of 1st period - Stopped by Mikko Koskinen with a rebound.
8:19 of 1st period - Shot by Jonas Brodin.
8:19 of 1st period - Stopped by Mikko Koskinen without a rebound.
8:20 of 1st period - Jack Eichel wins face-off versus Jeff Carter in LAS VEGAS LIZARD KINGS zone.
8:55 of 1st period - Shot by Jack Eichel.
8:55 of 1st period - Stopped by Mikko Koskinen without a rebound.
8:56 of 1st period - Joel Eriksson Ek wins face-off versus Evan Rodrigues in LAS VEGAS LIZARD KINGS zone.
9:40 of 1st period - Shot by Jack Eichel.
9:40 of 1st period - Stopped by Mikko Koskinen with a rebound.
9:58 of 1st period - Shot by Jack Eichel.
9:58 of 1st period - Deflect By Austin Watson.
9:58 of 1st period - Shot Misses the Net.
10:09 of 1st period - Icing by Andy Greene.
10:10 of 1st period - Zemgus Girgensons wins face-off versus Jack Eichel in EDMONTON ICE zone.
10:11 of 1st period - Shot by Dylan Gambrell.
10:11 of 1st period - Shot Blocked by Andy Greene.
10:19 of 1st period - Shot by Jack Eichel.
10:19 of 1st period - Shot Misses the Net.
10:39 of 1st period - Shot by Scott Laughton.
10:39 of 1st period - Stopped by Mikko Koskinen without a rebound.
10:40 of 1st period - Anton Lundell wins face-off versus Ryan Nugent-Hopkins in LAS VEGAS LIZARD KINGS zone.
10:47 of 1st period - Shot by Tanner Jeannot.
10:47 of 1st period - Stopped by Mikko Koskinen without a rebound.
10:48 of 1st period - Ryan Nugent-Hopkins wins face-off versus Anton Lundell in LAS VEGAS LIZARD KINGS zone.
11:23 of 1st period - Shot by Ryan Nugent-Hopkins.
11:23 of 1st period - Stopped by Alex Nedeljkovic without a rebound.
11:24 of 1st period - Jeff Carter wins face-off versus Joel Eriksson Ek in EDMONTON ICE zone.
12:52 of 1st period - Sean Monahan is hit by Jordan Spence and loses puck.
13:11 of 1st period - Shot by Tanner Jeannot.
13:11 of 1st period - Shot Misses the Net.
13:13 of 1st period - Shot by Tanner Jeannot.
13:13 of 1st period - Shot Misses the Net.
13:53 of 1st period - Austin Watson is hit by Brayden McNabb and loses puck.
14:00 of 1st period - Shot by Jack Eichel.
14:00 of 1st period - Shot Misses the Net.
14:02 of 1st period - Shot by Joonas Donskoi.
14:02 of 1st period - Shot Blocked by John Klingberg.
14:04 of 1st period - Shot by Joonas Donskoi.
14:04 of 1st period - Stopped by Mikko Koskinen without a rebound.
14:05 of 1st period - Jack Eichel wins face-off versus Jeff Carter in LAS VEGAS LIZARD KINGS zone.
14:06 of 1st period - Shot by Kieffer Bellows.
14:06 of 1st period - Stopped by Mikko Koskinen without a rebound.
14:07 of 1st period - Jeff Carter wins face-off versus Joel Eriksson Ek in LAS VEGAS LIZARD KINGS zone.
14:43 of 1st period - Shot by Johnny Gaudreau.
14:43 of 1st period - Shot Blocked by Zach Whitecloud.
14:45 of 1st period - Shot by Jeff Carter.
14:45 of 1st period - Stopped by Alex Nedeljkovic with a rebound.
14:47 of 1st period - Shot by John Marino.
14:47 of 1st period - Shot Blocked by Shea Theodore.
14:49 of 1st period - Shot by Johnny Gaudreau.
14:49 of 1st period - Shot Misses the Net.
14:51 of 1st period - Shot by John Marino.
14:51 of 1st period - Deflect By Johnny Gaudreau.
14:51 of 1st period - Stopped by Alex Nedeljkovic without a rebound.
14:52 of 1st period - Anton Lundell wins face-off versus Ryan Nugent-Hopkins in EDMONTON ICE zone.
16:00 of 1st period - Shot by Sean Monahan.
16:00 of 1st period - Stopped by Alex Nedeljkovic without a rebound.
16:01 of 1st period - Joel Eriksson Ek wins face-off versus Victor Olofsson in EDMONTON ICE zone.
16:28 of 1st period - Shot by Joel Eriksson Ek.
16:28 of 1st period - Shot Misses the Net.
16:53 of 1st period - Icing by Nick Leddy.
16:54 of 1st period - Jeff Carter wins face-off versus Anton Lundell in LAS VEGAS LIZARD KINGS zone.
17:26 of 1st period - Shot by Anton Lundell.
17:26 of 1st period - Stopped by Mikko Koskinen without a rebound.
17:27 of 1st period - Sean Monahan wins face-off versus Jack Eichel in LAS VEGAS LIZARD KINGS zone.
17:32 of 1st period - Jack Eichel is hit by Sean Monahan and loses puck.
17:47 of 1st period - Shot by John Klingberg.
17:47 of 1st period - Stopped by Alex Nedeljkovic without a rebound.
17:48 of 1st period - Joel Eriksson Ek wins face-off versus Ryan Nugent-Hopkins in EDMONTON ICE zone.
18:28 of 1st period - Shot by Timo Meier.
18:28 of 1st period - Shot Misses the Net.
18:30 of 1st period - Shot by Timo Meier.
18:30 of 1st period - Shot Misses the Net.
18:49 of 1st period - Icing by Matt Roy.
18:50 of 1st period - Jack Eichel wins face-off versus Ryan Nugent-Hopkins in LAS VEGAS LIZARD KINGS zone.
19:46 of 1st period - Shot by Brandon Hagel.
19:46 of 1st period - Shot Misses the Net.
Goals for this period are 0 for LAS VEGAS LIZARD KINGS vs 2 for EDMONTON ICE.
Shots for this period are 9 for LAS VEGAS LIZARD KINGS vs 13 for EDMONTON ICE.

2nd period


0:01 of 2nd period - Jeff Carter wins face-off versus Anton Lundell in neutral zone.
0:01 of 2nd period - Johnny Gaudreau is hit by Tanner Jeannot and loses puck.
0:09 of 2nd period - Icing by Johnny Gaudreau.
0:10 of 2nd period - Jeff Carter wins face-off versus Joel Eriksson Ek in LAS VEGAS LIZARD KINGS zone.
0:19 of 2nd period - Shot by Jeff Carter.
0:19 of 2nd period - Shot Blocked by Zach Whitecloud.
0:39 of 2nd period - Shot by Timo Meier.
0:39 of 2nd period - Stopped by Mikko Koskinen without a rebound.
0:40 of 2nd period - Anton Lundell wins face-off versus Sean Monahan in LAS VEGAS LIZARD KINGS zone.
1:22 of 2nd period - Shot by Anton Lundell.
1:22 of 2nd period - Stopped by Mikko Koskinen without a rebound.
1:23 of 2nd period - Joel Eriksson Ek wins face-off versus Jeff Carter in LAS VEGAS LIZARD KINGS zone.
1:24 of 2nd period - Shot by Shea Theodore.
1:24 of 2nd period - Stopped by Mikko Koskinen without a rebound.
1:25 of 2nd period - Joel Eriksson Ek wins face-off versus Victor Olofsson in LAS VEGAS LIZARD KINGS zone.
1:48 of 2nd period - Shot by Johnny Gaudreau.
1:48 of 2nd period - Shot Misses the Net.
2:00 of 2nd period - Shot by Jeff Carter.
2:00 of 2nd period - Shot Misses the Net.
2:02 of 2nd period - Shot by Johnny Gaudreau.
2:02 of 2nd period - Shot Misses the Net.
2:04 of 2nd period - Shot by Brayden McNabb.
2:04 of 2nd period - Shot Misses the Net.
3:13 of 2nd period - Shot by Zemgus Girgensons.
3:13 of 2nd period - Stopped by Alex Nedeljkovic without a rebound.
3:14 of 2nd period - Anton Lundell wins face-off versus Sean Monahan in EDMONTON ICE zone.
4:08 of 2nd period - Minor Penalty to Matthew Nieto for Hooking.
4:09 of 2nd period - Jeff Carter wins face-off versus Jack Eichel in LAS VEGAS LIZARD KINGS zone.
4:37 of 2nd period - Evan Rodrigues is hit by Tanner Jeannot and loses puck.
5:24 of 2nd period - Shot by Timo Meier.
5:24 of 2nd period - Stopped by Mikko Koskinen without a rebound.
5:25 of 2nd period - Jeff Carter wins face-off versus Joel Eriksson Ek in LAS VEGAS LIZARD KINGS zone.
5:51 of 2nd period - Shot by Timo Meier.
5:51 of 2nd period - Stopped by Mikko Koskinen without a rebound.
5:52 of 2nd period - Jack Eichel wins face-off versus Evan Rodrigues in LAS VEGAS LIZARD KINGS zone.
6:03 of 2nd period - Shot by Anton Lundell.
6:03 of 2nd period - Stopped by Mikko Koskinen without a rebound.
6:04 of 2nd period - Jack Eichel wins face-off versus Zemgus Girgensons in LAS VEGAS LIZARD KINGS zone.
6:14 of 2nd period - John Marino is hit by Joshua Mahura and loses puck.
6:21 of 2nd period - Shot by Zemgus Girgensons.
6:21 of 2nd period - Goal by Zemgus Girgensons - LAS VEGAS LIZARD KINGS : 1 - EDMONTON ICE : 2.
6:22 of 2nd period - Jack Eichel wins face-off versus Jeff Carter in neutral zone.
6:33 of 2nd period - Shot by Jack Eichel.
6:33 of 2nd period - Shot Misses the Net.
6:49 of 2nd period - Shot by Johnny Gaudreau.
6:49 of 2nd period - Shot Blocked by Shea Theodore.
7:17 of 2nd period - Shot by Evan Rodrigues.
7:17 of 2nd period - Stopped by Alex Nedeljkovic with a rebound.
7:19 of 2nd period - Shot by Nino Niederreiter.
7:19 of 2nd period - Stopped by Alex Nedeljkovic without a rebound.
7:20 of 2nd period - Ryan Nugent-Hopkins wins face-off versus Tanner Jeannot in EDMONTON ICE zone.
7:31 of 2nd period - Evan Rodrigues is hit by Tanner Jeannot and loses puck.
8:03 of 2nd period - Shot by Evan Rodrigues.
8:03 of 2nd period - Shot Blocked by Jordan Spence.
8:19 of 2nd period - Off-side.
8:20 of 2nd period - Jeff Carter wins face-off versus Joel Eriksson Ek in neutral zone.
9:56 of 2nd period - Off-side.
9:57 of 2nd period - Ryan Nugent-Hopkins wins face-off versus Anton Lundell in neutral zone.
10:12 of 2nd period - Shot by Anton Lundell.
10:12 of 2nd period - Stopped by Mikko Koskinen without a rebound.
10:13 of 2nd period - Sean Monahan wins face-off versus Jack Eichel in LAS VEGAS LIZARD KINGS zone.
11:32 of 2nd period - Shot by Anton Lundell.
11:32 of 2nd period - Shot Misses the Net.
11:39 of 2nd period - Anthony Mantha is hit by Jack Johnson and loses puck.
12:19 of 2nd period - Joel Eriksson Ek is hit by John Marino and loses puck.
12:37 of 2nd period - Minor Penalty to John Marino for Holding.
12:38 of 2nd period - Jack Eichel wins face-off versus Jeff Carter in LAS VEGAS LIZARD KINGS zone.
12:38 of 2nd period - Jack Eichel is hit by Brayden McNabb.
13:04 of 2nd period - Icing by Anton Lundell.
13:05 of 2nd period - Evan Rodrigues wins face-off versus Jack Eichel in EDMONTON ICE zone.
14:44 of 2nd period - Shot by Austin Watson.
14:44 of 2nd period - Shot Misses the Net.
15:33 of 2nd period - Joel Eriksson Ek is hit by Johnny Gaudreau and loses puck.
17:05 of 2nd period - Shot by Nino Niederreiter.
17:05 of 2nd period - Stopped by Alex Nedeljkovic without a rebound.
17:06 of 2nd period - Zemgus Girgensons wins face-off versus Joel Eriksson Ek in EDMONTON ICE zone.
17:15 of 2nd period - Shot by Drake Caggiula.
17:15 of 2nd period - Shot Misses the Net.
17:22 of 2nd period - Off-side.
17:23 of 2nd period - Ryan Nugent-Hopkins wins face-off versus Anton Lundell in neutral zone.
17:23 of 2nd period - Evan Rodrigues is hit by Tanner Jeannot.
17:29 of 2nd period - Shot by Nino Niederreiter.
17:29 of 2nd period - Shot Misses the Net.
17:39 of 2nd period - Shot by Nino Niederreiter.
17:39 of 2nd period - Stopped by Alex Nedeljkovic without a rebound.
17:40 of 2nd period - Joel Eriksson Ek wins face-off versus Matthew Nieto in EDMONTON ICE zone.
18:23 of 2nd period - Joel Eriksson Ek is hit by Nino Niederreiter and loses puck.
18:48 of 2nd period - Shot by Ryan Nugent-Hopkins.
18:48 of 2nd period - Stopped by Alex Nedeljkovic with a rebound.
18:50 of 2nd period - Shot by Evan Rodrigues.
18:50 of 2nd period - Shot Misses the Net.
19:17 of 2nd period - Shot by Anton Lundell.
19:17 of 2nd period - Shot Misses the Net.
Goals for this period are 1 for LAS VEGAS LIZARD KINGS vs 0 for EDMONTON ICE.
Shots for this period are 7 for LAS VEGAS LIZARD KINGS vs 7 for EDMONTON ICE.

3rd period


0:01 of 3rd period - Jeff Carter wins face-off versus Anton Lundell in neutral zone.
0:10 of 3rd period - Shot by Johnny Gaudreau.
0:10 of 3rd period - Shot Misses the Net.
0:43 of 3rd period - Shot by Jeff Carter.
0:43 of 3rd period - Shot Hit the Post.
1:27 of 3rd period - Shot by Timo Meier.
1:27 of 3rd period - Stopped by Mikko Koskinen with a rebound.
1:31 of 3rd period - Shot by Joel Eriksson Ek.
1:31 of 3rd period - Shot Hit the Post.
1:37 of 3rd period - Shot by Timo Meier.
1:37 of 3rd period - Goal by Timo Meier - LAS VEGAS LIZARD KINGS : 1 - EDMONTON ICE : 3.
1:38 of 3rd period - Ryan Nugent-Hopkins wins face-off versus Jack Eichel in neutral zone.
2:05 of 3rd period - Andy Greene is hit by Ryan Nugent-Hopkins and loses puck.
2:12 of 3rd period - Shot by Nino Niederreiter.
2:12 of 3rd period - Shot Misses the Net.
2:36 of 3rd period - Shot by Brandon Hagel.
2:36 of 3rd period - Deflect By Matthew Nieto.
2:36 of 3rd period - Shot Misses the Net.
2:58 of 3rd period - Shot by Brandon Hagel.
2:58 of 3rd period - Shot Blocked by Andy Greene.
3:43 of 3rd period - Icing by Jack Eichel.
3:44 of 3rd period - Austin Watson wins face-off versus Ryan Nugent-Hopkins in EDMONTON ICE zone.
4:10 of 3rd period - Icing by John Klingberg.
4:11 of 3rd period - Ryan Nugent-Hopkins wins face-off versus Joel Eriksson Ek in LAS VEGAS LIZARD KINGS zone.
4:15 of 3rd period - Icing by Nino Niederreiter.
4:16 of 3rd period - Ryan Nugent-Hopkins wins face-off versus Anton Lundell in LAS VEGAS LIZARD KINGS zone.
4:29 of 3rd period - Anton Lundell is hit by Nino Niederreiter and loses puck.
5:14 of 3rd period - Shot by Scott Laughton.
5:14 of 3rd period - Shot Blocked by Jeff Carter.
5:16 of 3rd period - Shot by Joel Eriksson Ek.
5:16 of 3rd period - Goal by Joel Eriksson Ek - LAS VEGAS LIZARD KINGS : 1 - EDMONTON ICE : 4.
5:17 of 3rd period - Joel Eriksson Ek wins face-off versus Sean Monahan in neutral zone.
5:56 of 3rd period - Shot by Joel Eriksson Ek.
5:56 of 3rd period - Stopped by Mikko Koskinen without a rebound.
5:57 of 3rd period - Anton Lundell wins face-off versus Jeff Carter in LAS VEGAS LIZARD KINGS zone.
6:02 of 3rd period - Shot by Anton Lundell.
6:02 of 3rd period - Stopped by Mikko Koskinen without a rebound.
6:03 of 3rd period - Jeff Carter wins face-off versus Jack Eichel in LAS VEGAS LIZARD KINGS zone.
6:21 of 3rd period - Shot by Johnny Gaudreau.
6:21 of 3rd period - Stopped by Alex Nedeljkovic with a rebound.
6:23 of 3rd period - Shot by Jeff Carter.
6:23 of 3rd period - Shot Misses the Net.
6:25 of 3rd period - Shot by Johnny Gaudreau.
6:25 of 3rd period - Shot Misses the Net.
6:45 of 3rd period - Shot by Johnny Gaudreau.
6:45 of 3rd period - Shot Misses the Net.
6:47 of 3rd period - Shot by Johnny Gaudreau.
6:47 of 3rd period - Shot Blocked by Jack Eichel.
6:49 of 3rd period - Shot by Johnny Gaudreau.
6:49 of 3rd period - Shot Misses the Net.
7:14 of 3rd period - Sean Monahan is hit by Jonas Brodin and loses puck.
7:27 of 3rd period - Shot by Matthew Nieto.
7:27 of 3rd period - Stopped by Alex Nedeljkovic with a rebound.
8:26 of 3rd period - Jack Eichel is hit by Nino Niederreiter and loses puck.
9:31 of 3rd period - Minor Penalty to Jonas Brodin for Interference.
9:32 of 3rd period - Ryan Nugent-Hopkins wins face-off versus Scott Laughton in EDMONTON ICE zone.
10:23 of 3rd period - Shot by Evan Rodrigues.
10:23 of 3rd period - Shot Blocked by Shea Theodore.
10:25 of 3rd period - Shot by John Marino.
10:25 of 3rd period - Shot Misses the Net.
10:27 of 3rd period - Shot by Jeff Carter.
10:27 of 3rd period - Shot Misses the Net.
10:29 of 3rd period - Shot by Matt Roy.
10:29 of 3rd period - Stopped by Alex Nedeljkovic without a rebound.
10:30 of 3rd period - Timo Meier wins face-off versus Jeff Carter in EDMONTON ICE zone.
11:26 of 3rd period - Ryan Nugent-Hopkins is hit by Shea Theodore and loses puck.
11:31 of 3rd period - Shot by Johnny Gaudreau.
11:31 of 3rd period - Stopped by Alex Nedeljkovic without a rebound.
11:32 of 3rd period - Sean Monahan wins face-off versus Anton Lundell in EDMONTON ICE zone.
11:59 of 3rd period - Shot by Anthony Mantha.
11:59 of 3rd period - Stopped by Mikko Koskinen with a rebound.
12:01 of 3rd period - Shot by Shea Theodore.
12:01 of 3rd period - Shot Misses the Net.
12:10 of 3rd period - Anthony Mantha is hit by Brayden McNabb and loses puck.
12:54 of 3rd period - Icing by Timo Meier.
12:55 of 3rd period - Joel Eriksson Ek wins face-off versus Jeff Carter in EDMONTON ICE zone.
12:55 of 3rd period - Joel Eriksson Ek is hit by Victor Olofsson.
13:00 of 3rd period - Icing by Timo Meier.
13:01 of 3rd period - Jeff Carter wins face-off versus Joel Eriksson Ek in EDMONTON ICE zone.
13:30 of 3rd period - Shot by Johnny Gaudreau.
13:30 of 3rd period - Shot Misses the Net.
13:32 of 3rd period - Shot by Jeff Carter.
13:32 of 3rd period - Stopped by Alex Nedeljkovic with a rebound.
13:34 of 3rd period - Shot by Johnny Gaudreau.
13:34 of 3rd period - Stopped by Alex Nedeljkovic without a rebound.
13:35 of 3rd period - Ryan Nugent-Hopkins wins face-off versus Anton Lundell in EDMONTON ICE zone.
13:35 of 3rd period - Evan Rodrigues is hit by Jordan Spence and loses puck.
13:45 of 3rd period - Minor Penalty to Evan Rodrigues for Tripping.
13:46 of 3rd period - Jeff Carter wins face-off versus Jack Eichel in LAS VEGAS LIZARD KINGS zone.
14:19 of 3rd period - Shot by Jack Eichel.
14:19 of 3rd period - Stopped by Mikko Koskinen without a rebound.
14:20 of 3rd period - Joel Eriksson Ek wins face-off versus Jeff Carter in LAS VEGAS LIZARD KINGS zone.
14:31 of 3rd period - Shot by Joel Eriksson Ek.
14:31 of 3rd period - Shot Misses the Net.
14:33 of 3rd period - Shot by Jordan Spence.
14:33 of 3rd period - Goal by Jordan Spence - LAS VEGAS LIZARD KINGS : 1 - EDMONTON ICE : 5.
14:34 of 3rd period - Joel Eriksson Ek wins face-off versus Ryan Nugent-Hopkins in neutral zone.
14:36 of 3rd period - Timo Meier is hit by Jack Johnson and loses puck.
16:03 of 3rd period - Anthony Mantha is hit by Brayden McNabb and loses puck.
16:15 of 3rd period - Anthony Mantha is hit by Brayden McNabb and loses puck.
16:35 of 3rd period - Jack Eichel is hit by Brayden McNabb and loses puck.
16:47 of 3rd period - Minor Penalty to Brayden McNabb for Interference.
16:48 of 3rd period - Evan Rodrigues wins face-off versus Joel Eriksson Ek in LAS VEGAS LIZARD KINGS zone.
17:16 of 3rd period - Shot by Timo Meier.
17:16 of 3rd period - Stopped by Mikko Koskinen without a rebound.
17:17 of 3rd period - Evan Rodrigues wins face-off versus Jack Eichel in LAS VEGAS LIZARD KINGS zone.
17:44 of 3rd period - Shot by Tanner Jeannot.
17:44 of 3rd period - Shot Misses the Net.
18:15 of 3rd period - Shot by Anthony Mantha.
18:15 of 3rd period - Shot Misses the Net.
18:36 of 3rd period - Shot by Anthony Mantha.
18:36 of 3rd period - Shot Misses the Net.
19:09 of 3rd period - Shot by Brayden McNabb.
19:09 of 3rd period - Shot Blocked by Jack Eichel.
19:15 of 3rd period - Shot by Austin Watson.
19:15 of 3rd period - Stopped by Mikko Koskinen without a rebound.
19:16 of 3rd period - Joel Eriksson Ek wins face-off versus Ryan Nugent-Hopkins in LAS VEGAS LIZARD KINGS zone.
19:20 of 3rd period - Icing by John Marino.
19:21 of 3rd period - Ryan Nugent-Hopkins wins face-off versus Scott Laughton in LAS VEGAS LIZARD KINGS zone.
Goals for this period are 0 for LAS VEGAS LIZARD KINGS vs 3 for EDMONTON ICE.
Shots for this period are 6 for LAS VEGAS LIZARD KINGS vs 10 for EDMONTON ICE.


NATHAN
MACKINNON
PHILLIP
DANAULT
CONNOR
MCDAVID

EAST COAST

HOCKEY LEAGUE

  • 25.QUE4CHI5
  • 26.CHA2LIM3
  • 27.TRV2LON3
  • 28.CHW4BAL2
  • 29.PITMAN
  • 30.ATLNHW
  • 31.WORPET
  • 32.RHI